cohdb
Replays
Latest Replays
All Replays
Popular Replays
Top Player Replays
Match Explorer
How It Works
Community
CoH3 Stats
Reddit
Sign in to upload your games and track your stats! →
Sign in with Steam
Match 44642231
Unlisted
Match 44642231
Overview
Messages
Build Orders
End
Kettenkrad Recon Vehicle
Construct Infanterie Kompanie
Selects Breakthrough Battlegroup
Selects Assault Grenadiers
Grenadier Squad
MG 42 Machine Gun Team
GrW 34 Mortar Team
Construct Luftwaffe Kompanie
Jäger Squad
Selects 2.5-tonne Cargo Truck
2.5-tonne Cargo Truck
Support Elements
Wirbelwind Flakpanzer
Selects Breakthrough
Breakthrough
Construct Panzergrenadier Kompanie
Nebelwerfer 42 Rocket Launcher Team
Selects Mechanized Assault Group
Mechanized Assault Group
Breakthrough
Pak 40 Anti-tank Gun Team
Construct Panzer Kompanie
MG 42 Bunker
Selects Blitzkrieg
Panzer IV Medium Tank
Breakthrough
Stoßtruppen Squad
Breakthrough
Sturmpanzer IV Brummbär
Stoßtruppen Squad
Zapata
Mustache and Melons
Fallenschirmjäger
Spytomb
Este-El-Beste
Mpeezy
0
0
Comments
sign in to comment!
No comments posted yet!